Map: Blueshift LE

Players

Reynor - Winner!

  • Race: Zerg Zerg
  • League: Master
  • Spawn Location: 7:00

Zanster

  • Race: Zerg Zerg
  • League: Master
  • Spawn Location: 1:00

Event: HomeStory Cup XVIII

VOD

Have the link to the VOD?

Description

Time

  • Played on: Nov. 22, 2018, 4:37 p.m.
  • Length: 9:50

All games in this series

Show
View Real Time Build Order
Export as new Build Order

Reynor Zerg - Winner!

Build Orders: Pool First 

Get SALT Encoding   

  12  0:17  Spawning Pool  
  11  0:21  Drone  
  11  0:26  Drone  
  13  0:31  Drone  
  14  0:39  Overlord  
  14  1:03  Zergling x4  
  16  1:05  Zergling x2  
  17  1:16  Zergling x2  
  18  1:19  Hatchery  
  17  1:27  Zergling x2  
  18  1:34  Queen  
  18  1:38  Zergling x2  
  21  1:47  Drone  
  22  1:59  Overlord  
  22  2:19  Queen, Drone  
  22  2:21  Drone  
  26  2:31  Drone x2  
  23  2:38  Queen  
  23  2:41  Drone  
  23  2:42  Drone  
  26  2:50  Extractor, Drone x2  
  26  2:51  Drone  
  28  2:52  Drone  
  28  2:54  Drone  
  30  3:04  Drone  
  30  3:05  Drone  
  32  3:09  Queen  
  34  3:14  Overlord  
  34  3:18  Drone  
  34  3:19  Drone  
  36  3:25  Overlord  
  36  3:32  Drone x2  
  36  3:33  Evolution Chamber  
  36  3:34  Drone  
  38  3:41  Roach Warren  
  38  3:43  Drone  
  38  3:45  Drone  
  38  3:48  Drone  
  40  3:53  Metabolic Boost  
  40  3:58  Drone x3  
  43  4:11  Drone x3  
  43  4:12  Extractor, Drone, Overlord  
  46  4:24  Drone  
  46  4:31  Zergling x8  
  51  4:33  Hatchery  
  51  4:35  Zergling x6  
  53  4:39  Zerg Missile Weapons Level 1  
  53  4:41  Zergling x2  
  53  4:44  Zergling x2  
  55  4:47  Zergling x2  
  55  4:48  Zergling x4  
  55  4:52  Zergling x2  
  59  4:57  Zergling x2  
  60  5:01  Overlord  
  60  5:07  Overlord  
  60  5:15  Overlord x2  
  60  5:23  Roach x3  
  60  5:24  Roach  
  60  5:28  Roach x4  
  75  5:36  Roach x3  
  81  5:44  Roach x2  
  81  5:46  Roach x3  
  91  5:51  Zergling x2  
  91  5:56  Roach x2  
  96  6:00  Overlord  
  96  6:07  Extractor, Roach  
  96  6:08  Overlord  
  97  6:14  Overlord  
  97  6:20  Overlord  
  97  6:22  Roach x4  
  97  6:25  Zergling x2  
  106  6:31  Zergling x12  
  112  6:35  Lair  
  111  6:47  Roach x3, Zergling x6  
  112  6:56  Roach x2, Zergling x2  
  112  6:57  Zergling x2  
  112  7:00  Roach  
  104  7:03  Roach  
  93  7:09  Roach x2  
  87  7:18  Drone x3  
  87  7:19  Drone x3  
  92  7:25  Drone x3  
  95  7:32  Drone x4  
  95  7:34  Drone  
  99  7:38  Glial Reconstitution  
  99  7:48  Roach x2  
  99  7:49  Roach  
  105  7:53  Roach  
  105  7:54  Roach  
  108  8:00  Roach x2  
  108  8:01  Roach  
  108  8:04  Extractor  
  108  8:05  Roach x2  
  113  8:07  Roach  
  113  8:09  Drone x2  
  113  8:10  Drone  
  118  8:14  Roach  
  118  8:15  Roach  
  118  8:18  Roach  
  118  8:19  Overlord  
  124  8:21  Roach  
  124  8:27  Roach x2  
  124  8:33  Roach x2  
  129  8:36  Overlord  
  129  8:39  Roach x2  
  129  8:40  Roach  
  135  8:43  Roach  
  135  8:47  Overlord  
  137  8:56  Roach x4  
  137  9:01  Overlord  
  145  9:07  Roach x3  
  145  9:08  Roach  
  149  9:19  Roach x3  
  145  9:26  Roach x6  
  145  9:30  Roach x2  
Show
View Real Time Build Order
Export as new Build Order

Zanster Zerg 

Build Orders: Hatch First 

Get SALT Encoding   

  12  0:00  Drone  
  13  0:13  Overlord  
  13  0:17  Drone  
  14  0:31  Drone x2  
  16  0:48  Hatchery  
  15  0:51  Drone  
  15  0:55  Drone  
  17  0:58  Drone  
  18  1:09  Extractor  
  17  1:15  Spawning Pool  
  17  1:16  Drone  
  17  1:20  Drone  
  18  1:29  Drone  
  19  2:02  Queen x2  
  19  2:03  Zergling x8  
  27  2:15  Zergling x2  
  27  2:26  Overlord  
  22  2:38  Drone  
  22  2:43  Drone  
  24  2:45  Drone  
  24  2:46  Drone  
  24  2:49  Drone  
  27  2:55  Drone  
  27  2:57  Drone  
  29  3:03  Queen  
  31  3:07  Drone  
  31  3:10  Drone  
  31  3:11  Drone  
  34  3:13  Drone  
  34  3:16  Drone  
  35  3:21  Overlord  
  35  3:23  Drone  
  36  3:35  Overlord  
  36  3:39  Zergling x2  
  36  3:40  Drone x3  
  40  3:48  Drone x2  
  41  3:49  Drone x2  
  41  3:50  Overlord  
  41  3:53  Drone x2  
  46  4:00  Overlord  
  46  4:02  Evolution Chamber  
  46  4:04  Extractor x2  
  46  4:08  Drone  
  44  4:10  Lair  
  44  4:11  Drone  
  44  4:15  Drone  
  46  4:18  Drone x4  
  46  4:21  Drone  
  46  4:22  Drone  
  52  4:28  Roach Warren  
  51  4:32  Drone  
  52  4:43  Hatchery  
  52  4:45  Zerg Missile Weapons Level 1  
  51  4:46  Drone  
  51  4:48  Overlord  
  51  4:50  Drone  
  51  4:52  Drone  
  53  5:08  Roach x3  
  53  5:09  Roach x4, Glial Reconstitution  
  67  5:18  Overseer  
  67  5:19  Overlord  
  67  5:32  Evolution Chamber  
  67  5:35  Queen, Overlord x2  
  67  5:37  Queen  
  67  5:38  Roach x2  
  67  5:39  Roach  
  76  5:48  Nydus Network  
  75  5:51  Overlord  
  75  5:56  Roach  
  75  5:57  Roach x4  
  85  6:04  Roach  
  85  6:05  Roach  
  89  6:12  Roach x3  
  89  6:17  Overlord  
  89  6:18  Overlord  
  95  6:19  Hatchery  
  94  6:27  Nydus Canal  
  94  6:30  Roach x3  
  100  6:34  Overlord x2  
  101  6:42  Roach x3  
  101  6:44  Evolution Chamber  
  105  6:51  Ravager  
  104  6:59  Roach x3  
  104  7:00  Roach x3  
  103  7:04  Roach x2  
  77  7:16  Queen x2  
  77  7:17  Roach x4  
  83  7:28  Roach x2  
  87  7:38  Roach x2  
  91  7:44  Roach  
  91  7:47  Hatchery  
  93  8:03  Roach x3  
  97  8:09  Roach  
  97  8:10  Roach  
  101  8:17  Overlord  
  101  8:18  Overlord  
  101  8:23  Hatchery  
  100  8:29  Spore Crawler  
  100  8:37  Roach x7  
  100  8:38  Roach  
  116  8:42  Hatchery  
  116  8:46  Ravager x2  
  116  8:47  Ravager  
  116  8:48  Overlord  
  118  8:49  Roach  
  118  8:54  Roach  
  122  8:55  Nydus Canal  
  122  8:57  Roach  
  122  9:00  Extractor, Queen  
  125  9:09  Roach x2  
  121  9:23  Roach x3  
  121  9:24  Roach x3  
  114  9:30  Roach  
Tags
 
Add a new tag
Caveats
  • Supply blocks, unpowered buildings, or Contaminate may cause inaccurate times.
  • Supply counts are checked every 10 seconds.